 Dungeon Crawl Stone Soup version 0.23-a0-644-gb60d84b (webtiles) character file.

6401 Borgoz the Grappler (level 10, -1/84 HPs)
             Began as a Ghoul Gladiator on Jan 1, 2019.
             Was a Believer of Okawaru.
             Slain by a cyclops (8 damage)
             ... on level 8 of the Dungeon.
             The game lasted 00:14:15 (7399 turns).

Borgoz the Grappler (Ghoul Gladiator)               Turns: 7399, Time: 00:14:16

Health: -1/84      AC: 13    Str: 19    XL:     10   Next: 98%
Magic:  9/9        EV: 14    Int:  3    God:    Okawaru [**....]
Gold:   82         SH:  0    Dex: 13    Spells: 6/9 levels left

rFire    . . .     SeeInvis +     - Unarmed
rCold    + + .     Gourm    .   (no shield)
rNeg     + + +     Faith    .   F - +2 ring mail {rC+}
rPois    ∞         Spirit   .   u - +2 helmet {SInv}
rElec    .         Reflect  .   v - +0 cloak
rCorr    +         Harm     .   (no gloves)
MR       .....                  (no boots)
Stlth    +.........             y - amulet of the acrobat
HPRegen  0.00/turn              a - ring of poison resistance (curse)
MPRegen  0.11/turn              C - ring of resist corrosion

@: rotting
A: rotting body, claws 1, carnivore, cold resistance 1, negative energy
resistance 3, inhibited regeneration, torment resistance, unbreathing
a: Heroism, Renounce Religion


You were on level 8 of the Dungeon.
You worshipped Okawaru.
Okawaru was pleased with you.
You were not hungry.

You visited 2 branches of the dungeon, and saw 9 of its levels.
You also visited: Sewer.

You collected 561 gold pieces.
You spent 479 gold pieces at shops.

Inventory:

Hand Weapons
 p - a +4 quarterstaff of chaos
 H - a +1 scimitar of draining
Missiles
 c - 3 throwing nets (quivered)
Armour
 u - a +2 helmet of see invisible (worn)
 v - a +0 cloak (worn)
 F - a +2 ring mail of cold resistance (worn)
Jewellery
 a - a cursed ring of poison resistance (left claw)
 g - an uncursed ring of protection from cold
 n - an uncursed ring of ice
 y - an amulet of the acrobat (around neck)
 C - a ring of resist corrosion (right claw)
Wands
 r - a wand of digging (5)
 D - a wand of flame (11)
 E - a wand of disintegration (17)
 J - a wand of acid (5)
Scrolls
 b - 4 scrolls of teleportation
 e - a scroll of torment {unknown}
 f - 3 scrolls of magic mapping
 h - 4 scrolls of enchant weapon {unknown}
 i - 9 scrolls of identify
 j - 5 scrolls of remove curse {unknown}
 k - 2 scrolls of blinking {unknown}
 l - a scroll of fear {unknown}
 m - a scroll of random uselessness {unknown}
 o - 5 scrolls of enchant armour {unknown}
 z - a scroll of fog {unknown}
 K - a scroll of immolation {unknown}
Potions
 q - a potion of mutation {unknown}
 s - 2 potions of haste {unknown}
 t - a potion of lignification {unknown}
 w - 2 potions of curing {unknown}
 x - 5 potions of flight {unknown}
 A - 2 potions of heal wounds {unknown}
 I - 2 potions of might {unknown}
Miscellaneous
 G - a sack of spiders
Comestibles
 d - 12 rations
 B - 17 chunks of flesh


   Skills:
 + Level 6.7 Fighting
 - Level 1.9 Throwing
 + Level 7.3 Armour
 + Level 7.0 Dodging
 - Level 1.1 Stealth
 + Level 11.9 Unarmed Combat


You had 6 spell levels left.
You knew the following spells:

 Your Spells              Type           Power        Failure   Level  Hunger
a - Regeneration          Chrm/Necr      #.........   96%         3    ####...

Your spell library contained the following spells:

 Spells                   Type           Power        Failure   Level  Hunger
 Animate Skeleton         Necr           N/A          69%         1    ##.....
 Pain                     Necr           #...         69%         1    ##.....
 Vampiric Draining        Necr           #.........   96%         3    ####...
 Animate Dead             Necr           N/A          100%        4    #####..


Dungeon Overview and Level Annotations

Branches:
Dungeon (8/15)             Temple (1/1) D:7
   Lair: D:8-11

Altars:
Ashenzari
Cheibriados
Dithmenos
Elyvilon
Fedhas
Gozag
Hepliaklqana
Kikubaaqudgha
Makhleb
Nemelex Xobeh
Okawaru
Qazlal
Ru
Sif Muna
Trog
Uskayaw
Vehumet
Wu Jian
Xom
Yredelemnul
Zin
The Shining One

Shops:
D:4 (   D:6 :   D:8 *?


Innate Abilities, Weirdness & Mutations

Your body is rotting away.
You thrive on raw meat.
You are immune to poison.
You have sharp fingernails.
You are carnivorous and can eat meat at any time.
Your flesh is cold resistant. (rC+)
You are immune to negative energy. (rN+++)
You do not regenerate when monsters are visible.
You are immune to unholy pain and torment.
You can survive without breathing.


Message History

You claw the cyclops!
The cyclops is moderately wounded.
You claw the cyclops!
The cyclops is severely wounded.
The cyclops hits you!!
* * * LOW HITPOINT WARNING * * *
You are too injured to fight recklessly!
You are too injured to fight recklessly!
You are too injured to fight recklessly!
You claw the cyclops!
The cyclops is almost dead.
You scratch the cyclops.
The cyclops is almost dead.
The cyclops hits you!!
* * * LOW HITPOINT WARNING * * *
Okay, then.
Eat one of 18 chunks of flesh? (ye/n/q)
You eat one of the 18 chunks of flesh.
This raw flesh tastes great!
The cyclops hits you!
You die...

...###....)......##
.....##(.)#(##....##
......#..##..###...#
......#..#....(....#
......((.#........##
......#.....###.### .#
......#....##...(.## .#
.....###..##.......# .#
#.(#########....@..# .#
#................C...#[#
#.#####..#############.#
..##
#.###.....[......######
...#
#.###.#########........
##.####.........#
#.########
≈≈_^.####.......# #.#
#<# #...♣.##........#
#.# #.#
..≈...##.##)##### #.#
#.#


You could see a cyclops.

Vanquished Creatures
  A centaur warrior (D:8)
  A troll (D:4)
  Grinder (D:4)
  Prince Ribbit (D:6)
  A hippogriff (D:7)
  Sigmund (D:6)
  2 humans (D:7)
  5 yaks (D:8)
  Menkaure (D:6)
  3 orc warriors
  A black bear (D:7)
  3 ogres
  5 phantoms
  2 sky beasts
  5 centaurs
  2 big kobolds (Sewer)
  2 bullfrogs
  4 scorpions
  3 howler monkeys
  3 crimson imps
  A quasit (D:7)
  A jelly (D:6)
  5 orc priests
  A bullfrog skeleton (D:7)
  2 hounds
  Crazy Yiuf (D:3)
  4 iguanas
  Ijyb (D:4)
  11 orc wizards
  6 worker ants
  A big kobold zombie (Sewer)
  A killer bee zombie (D:7)
  3 hound skeletons
  Robin (D:3)
  3 gnolls (D:7)
  18 adders
  6 shadow imps
  An ufetubus (Sewer)
  3 oozes
  3 adder zombies
  An adder skeleton (D:4)
  4 dart slugs
  4 worms
  5 leopard geckos
  32 orcs
  2 ball pythons
  6 giant cockroaches
  14 goblins
  8 hobgoblins
  4 jackals
  18 kobolds
  4 bats
  5 frilled lizards
  A jackal skeleton (D:5)
  2 jackal zombies (D:5)
  3 kobold zombies (Sewer)
  A quokka skeleton (D:4)
  5 rats
239 creatures vanquished.

Notes
Turn   | Place    | Note
-------+----------+-------------------------------------------
     0 | D:1      | Borgoz the Ghoul Gladiator began the quest for the Orb.
     0 | D:1      | Reached XP level 1. HP: 17/17 MP: 0/0
    60 | D:1      | Reached XP level 2. HP: 18/24 MP: 1/1
   520 | D:2      | Reached XP level 3. HP: 26/28 MP: 2/2
   570 | D:2      | Reached skill level 4 in Unarmed Combat
   589 | D:2      | Found a white marble altar of Elyvilon.
   630 | D:2      | Found an ancient bone altar of Kikubaaqudgha.
   703 | D:2      | Found a sacrificial altar of Ru.
  1154 | D:3      | Reached XP level 4. HP: 37/37 MP: 3/3
  1168 | D:3      | Reached skill level 1 in Armour
  1357 | D:3      | Noticed Robin
  1407 | D:3      | Killed Robin
  1407 | D:3      | Reached XP level 5. HP: 32/42 MP: 4/4
  1440 | D:3      | Found a stormy altar of Qazlal.
  1544 | D:3      | Reached skill level 5 in Unarmed Combat
  1598 | D:3      | Found a runed door.
  1971 | D:3      | Noticed Crazy Yiuf
  1975 | D:3      | Killed Crazy Yiuf
  2062 | D:4      | Reached XP level 6. HP: 26/50 MP: 5/5
  2164 | D:4      | Found an opulent altar of Gozag.
  2296 | D:4      | Found Ydadghaon's Weapon Shop.
  2361 | D:4      | Noticed a phantom
  2407 | D:4      | Reached skill level 6 in Unarmed Combat
  2440 | D:4      | Killed a phantom
  2440 | D:4      | Reached XP level 7. HP: 35/56 MP: 6/6
  2494 | D:4      | Noticed Grinder
  2499 | D:4      | Paralysed by Grinder for 7 turns
  2518 | D:4      | Killed Grinder
  2518 | D:4      | Reached skill level 7 in Unarmed Combat
  2780 | D:4      | Noticed a troll
  2787 | D:4      | Killed a troll
  2787 | D:4      | Reached XP level 8. HP: 21/62 MP: 7/7
  3211 | D:4      | Noticed Ijyb
  3240 | D:4      | Killed Ijyb
  3299 | D:4      | Reached skill level 8 in Unarmed Combat
  3571 | D:5      | Entered Level 5 of the Dungeon
  3665 | D:5      | Reached skill level 1 in Stealth
  4042 | D:5      | Found a glowing drain.
  4053 | Sewer    | Entered a sewer
  4183 | Sewer    | Reached skill level 9 in Unarmed Combat
  4228 | Sewer    | Found an ancient bone altar of Kikubaaqudgha.
  4284 | Sewer    | Reached XP level 9. HP: 60/71 MP: 8/8
  4880 | D:5      | Reached skill level 5 in Armour
  4941 | D:6      | Noticed Menkaure
  4945 | D:6      | Killed Menkaure
  4981 | D:6      | Noticed Sigmund
  4981 | D:6      | Noticed Prince Ribbit
  4984 | D:6      | Reached skill level 10 in Unarmed Combat
  4999 | D:6      | Killed Prince Ribbit
  4999 | D:6      | Reached skill level 5 in Dodging
  5005 | D:6      | Killed Sigmund
  5101 | D:6      | Found a shadowy altar of Dithmenos.
  5749 | D:6      | Found Kogenoq's Book Shop.
  5754 | D:6      | Bought a book of Necromancy for 330 gold pieces
  5758 | D:6      | Learned a level 3 spell: Regeneration
  5899 | D:7      | Reached skill level 11 in Unarmed Combat
  5956 | D:7      | Reached XP level 10. HP: 68/80 MP: 9/9
  5965 | D:7      | Found a glowing silver altar of Zin.
  6029 | D:7      | Reached skill level 5 in Fighting
  6078 | D:7      | Found a shattered altar of Ashenzari.
  6315 | D:7      | Found a staircase to the Ecumenical Temple.
  6323 | Temple   | Entered the Ecumenical Temple
  6596 | D:7      | Found an iron altar of Okawaru.
  6623 | D:7      | Became a worshipper of Warmaster Okawaru
  6904 | D:8      | Found Lougror's Magic Scroll Emporium.
  6909 | D:8      | Found a shimmering altar of Xom.
  6918 | D:8      | Bought a scroll of teleportation for 33 gold pieces
  6918 | D:8      | Bought a scroll of identify for 22 gold pieces
  6918 | D:8      | Bought a scroll of magic mapping for 38 gold pieces
  7011 | D:8      | Found a shimmering altar of Xom.
  7017 | D:8      | Found a shimmering altar of Xom.
  7017 | D:8      | Found a shimmering altar of Xom.
  7039 | D:8      | Noticed a centaur warrior
  7059 | D:8      | Killed a centaur warrior
  7059 | D:8      | Reached * piety under Okawaru
  7060 | D:8      | Noticed a cyclops
  7259 | D:8      | Found Yluna's Assorted Antiques.
  7264 | D:8      | Bought a scroll of identify for 56 gold pieces
  7353 | D:8      | Reached ** piety under Okawaru
  7398 | D:8      | HP: 2/84 [cyclops (23)]
  7399 | D:8      | Slain by a cyclops

Vault maps used:
D:1:      ebering_hopf_link
D:2:      nicolae_overflow_crystal_walls, lemuel_crystal_altar,
          elyvilon_altar_4, first_ration
D:3:      nicolae_qazlal_general_emergency, uniq_crazy_yiuf_cottage, uniq_robin
D:4:      minmay_spotlight, nicolae_gozag_seed_capital, serial_shops, shop,
          minmay_small_thing, uniq_ijyb, uniq_grinder
D:5:      portal_sewer_entry_d
D:6:      nicolae_dithmenos_the_darkroom, serial_shops,
          nicolae_shop_statue_plus, uniq_menkaure, uniq_prince_ribbit1,
          uniq_sigmund
D:7:      okawaru_humans, old_standard_altar, cheibrodos_ashenzari_chains,
          temple_statues
D:8:      minmay_curly_fans, xom_redecorated, serial_shops, shop, shop, shop
Temple:   nicolae_temple_hex_pool
Sewer:    kennysheep_sewer_church

Skill      XL: |  1  2  3  4  5  6  7  8  9 10 |
---------------+-------------------------------+-----
Dodging        | 3 4 5 7 |  7.0
Unarmed Combat | 4 5 6 7 9 11 | 11.9
Armour         | 2 3 4 6 7 |  7.3
Fighting       | 3 4 6 |  6.7
Stealth        | 1 |  1.1
Throwing       | |  1.9

Action                   |  1- 3 |  4- 6 |  7- 9 | 10-12 || total
-------------------------+-------+-------+-------+-------++-------
Melee: Unarmed           |   122 |   220 |   375 |   225 ||   942
       Punch             |     5 |     6 |    15 |     9 ||    35
  Eat: Chunk             |     9 |    24 |    18 |    15 ||    66
Armor: Scale mail        |    55 |   137 |    43 |       ||   235
       Ring mail         |       |       |    76 |    68 ||   144
Dodge: Dodged            |    63 |   120 |   245 |   127 ||   555

Table legend:
 A = Non-vault XP
 B = Vault XP
 C = Vault XP percentage of total XP
 D = Non-vault monster count
 E = Vault monster count
 F = Vault count percentage of total count
                 A         B        C        D         E       F
            +---------+---------+-------+---------+---------+-------
      Total |    5654 |    3491 |  38.2 |     175 |      64 |  26.8
            +---------+---------+-------+---------+---------+-------
        D:1 |      33 |       0 |   0.0 |      16 |       0 |   0.0
        D:2 |      29 |       0 |   0.0 |       8 |       0 |   0.0
        D:3 |     142 |      76 |  34.9 |      29 |      14 |  32.6
        D:4 |     497 |     742 |  59.9 |      22 |       7 |  24.1
        D:5 |     527 |      13 |   2.4 |      15 |       1 |   6.2
        D:6 |     755 |     649 |  46.2 |      17 |       3 |  15.0
        D:7 |    2168 |     391 |  15.3 |      51 |       2 |   3.8
        D:8 |    1503 |    1181 |  44.0 |      17 |       4 |  19.0
      Sewer |       0 |     439 | 100.0 |       0 |      33 | 100.0
            +---------+---------+-------+---------+---------+-------
